 Dungeon Crawl Stone Soup version 0.31-a0-408-gb642c7f9a3 (webtiles) character file.

Game seed: 12334628376327048727

1805 bobo the Ruffian (level 9, -1/63 HPs)
             Began as an Octopode Shapeshifter on July 30, 2023.
             Slain by a gnoll
             ... wielding a +0 spear
              (9 damage)
             ... on level 5 of the Dungeon.
             The game lasted 00:11:22 (5026 turns).

bobo the Ruffian (Octopode Shapeshifter)            Turns: 5026, Time: 00:11:23

Health: -1/63      AC:  1    Str: 18    XL:     9   Next: 9%
Magic:  9/9        EV: 13    Int: 10    God:
Gold:   286        SH:  0    Dex: 13    Spells: 8/8 levels left

rFire   . .          .
                       - Unarmed
rCold   . . .        (no shield)
rNeg    . . .        (helmet currently unavailable)
rPois   .            (no amulet)
rElec   .            (no ring)
rCorr   .            (no ring)
SInv    .            (no ring)
Will    .....        (no ring)
Stlth   ++           (no ring)
HPRegen 0.30/turn    (no ring)
MPRegen 0.11/turn    (no ring)
                     (no ring)

%: no passive effects
@: beast-form
A: beast (slay +4), almost no armour, amphibious, 8 rings, camouflage 1,
gelatinous body 1, (nimble swimmer 1), tentacles
a: Begin Untransformation


You were on level 5 of the Dungeon.
You were a hulking beast.
You visited 1 branch of the dungeon, and saw 5 of its levels.
You also visited: Sewer.

You collected 322 gold pieces.
You spent 36 gold pieces at shops.

Inventory:

Missiles
 m - a throwing net
Talismans
 b - a beast talisman
Wands
 n - a wand of flame (17)
 r - a wand of polymorph (8)
Scrolls
 a - 2 scrolls of enchant armour
 c - 5 scrolls of teleportation
 e - a scroll of silence
 j - a scroll of fog
 l - a scroll of torment {unknown}
 o - a scroll of enchant weapon
 p - a scroll of poison {unknown}
 q - a scroll of immolation {unknown}
 s - a scroll of vulnerability {unknown}
 t - a scroll of blinking {unknown}
 u - a scroll of butterflies {unknown}
 w - a scroll of fear {unknown}
Potions
 d - 6 potions of curing
 f - 2 potions of attraction {unknown}
 g - a potion of degeneration {unknown}
 h - a potion of might
 i - a potion of experience {unknown}
 k - a potion of heal wounds {unknown}
 v - a potion of brilliance {unknown}


   Skills:
 + Level 6.6 Fighting
 - Level 2.0 Dodging
 + Level 7.2 Unarmed Combat
 + Level 6.2 Shapeshifting


You had 8 spell levels left.
You didn't know any spells.
Your spell library contained the following spells:

 Spells                   Type           Power      Damage    Failure   Level
 Lesser Beckoning         Tloc           0%         N/A       50%         2
 Gell's Gravitas          Tloc           0%         N/A       75%         3
 Hailstorm                Conj/Ice       0%         3d3       75%         3
 Teleport Other           Tloc           0%         N/A       75%         3
 Summon Ice Beast         Ice/Summ       0%         N/A       98%         4
 Simulacrum               Ice/Necr       0%         N/A       100%        6


Dungeon Overview and Level Annotations

Branches:
Dungeon (5/15)              Sewer (visited)
 Temple: D:4-7

Altars:
Ashenzari
Sif Muna
Vehumet
Yredelemnul

Shops:
D:2 *

Annotations:
D:3 1 runed translucent door
D:5 Sigmund


Innate Abilities, Weirdness & Mutations

You are a hulking beast.
Your limbs bulge with bestial killing power. (Slay +4)
You cannot wear most types of armour.
You are amphibious.
You can wear up to eight rings at the same time.
Your skin changes colour to match your surroundings (Stealth+).
Your rubbery body absorbs attacks. (AC +1, EV +1)
((You are camouflaged when in or above water. (Stealth+)))
You have tentacles for arms and can constrict up to eight enemies at once.


Message History

v - a red potion
w - a scroll labelled BUPRODUXOGY You open the door.
A jelly comes into view.
There is an open door here.
The jelly quivers.
You bludgeon the jelly!
Your tentacles burn!
You squeeze the jelly.
The jelly is severely wounded.
The jelly closely misses you.
You bludgeon the jelly!
You kill the jelly!
Found an escape hatch in the floor.
There is an escape hatch in the floor here. 2 gnolls come into view.
A gnoll comes into view. It is wielding a +0 spear.
The gnoll hits you from afar with a +0 spear!
The gnoll hits you from afar with a +0 spear!
The gnoll shouts!
Found a stone staircase leading down.
The gnoll shouts!
The gnoll hits you from afar with a +0 spear!
The gnoll barely misses you.
You bludgeon the gnoll!
You kill the gnoll!
The gnoll hits you from afar with a +0 spear.
The gnoll hits you with a +0 spear.
The gnoll hits you from afar with a +0 spear.
You tentacle-slap the gnoll. You grab the gnoll. You squeeze the gnoll!
The gnoll is severely wounded.
You constrict the gnoll. The gnoll hits you with a +0 spear!
* * * LOW HITPOINT WARNING * * *
The gnoll hits you from afar with a +0 spear.
* * * LOW HITPOINT WARNING * * *
You tentacle-slap the gnoll but do no damage.
You squeeze the gnoll.
You kill the gnoll!
The gnoll hits you from afar with a +0 spear.
* * * LOW HITPOINT WARNING * * *
The gnoll hits you with a +0 spear!
You die...

. .. .. . ...
..# ... ....
... ..... ...
.....#########
...
.............#
...
......gh)....#
.#
#............##
.#####..
.......)......#
....S...
......#######.#
........ ...>..
#.# ........
....## #.#
........ .#..
#.# #..f.... #.
#.#.# #.......
#.#.#


You could see a gnoll.

Vanquished Creatures
  Pikel (D:4)
  A water moccasin (D:4)
  An ogre (D:4)
  2 lemures (D:4)
  2 bullfrogs (Sewer)
  2 scorpions
  2 jellies (D:5)
  A howler monkey (D:4)
  An orc priest (D:4)
  3 hounds
  Crazy Yiuf (D:4)
  An iguana (D:5)
  2 orc wizards
  13 adders
  18 gnolls
  5 river rats (Sewer)
  2 worms
  3 dart slugs
  32 orcs
  12 ball pythons
  9 endoplasms
  16 giant cockroaches
  13 goblins
  7 hobgoblins
  18 jackals
  11 kobolds
  A quokka (D:2)
  4 bats
  10 frilled lizards
  25 rats
219 creatures vanquished.

Notes
Turn   | Place    | Note
-------+----------+-------------------------------------------
     0 | D:1      | bobo the Octopode Shapeshifter began the quest for the Orb.
     0 | D:1      | Reached XP level 1. HP: 13/13 MP: 1/1
    71 | D:1      | Reached XP level 2. HP: 13/18 MP: 2/2
   425 | D:1      | Reached XP level 3. HP: 24/24 MP: 3/3
   988 | D:2      | Reached XP level 4. HP: 20/29 MP: 4/4
  1119 | D:2      | Reached skill level 4 in Unarmed Combat
  1338 | D:2      | Found Etehas's General Store.
  1345 | D:2      | Bought a potion of curing for 36 gold pieces
  1502 | D:2      | Reached XP level 5. HP: 35/35 MP: 5/5
  1553 | D:3      | Found a runed translucent door.
  1553 | D:3      | Noticed a human
  1559 | D:3      | Found a basalt altar of Yredelemnul.
  1589 | D:3      | Found a shimmering blue altar of Sif Muna.
  1589 | D:3      | Found a broken altar of Ashenzari.
  1687 | D:3      | Found a radiant altar of Vehumet.
  1727 | D:3      | Found a glowing drain.
  1741 | Sewer    | Entered a sewer
  1973 | Sewer    | Reached XP level 6. HP: 39/42 MP: 6/6
  2833 | D:4      | Reached skill level 5 in Unarmed Combat
  2833 | D:4      | Reached XP level 7. HP: 37/48 MP: 7/7
  3433 | D:4      | Reached skill level 5 in Shapeshifting
  3837 | D:4      | Reached skill level 5 in Fighting
  3912 | D:4      | Reached XP level 8. HP: 38/55 MP: 8/8
  3924 | D:4      | Reached skill level 6 in Unarmed Combat
  4268 | D:4      | Noticed Pikel
  4274 | D:4      | Killed Pikel
  4413 | D:4      | Found a runed translucent door.
  4414 | D:4      | Noticed Crazy Yiuf
  4422 | D:4      | Killed Crazy Yiuf
  4424 | D:4      | Identified the +5 hammer "Uceamek" {flame, Contam rElec rC+
                  | Int+2}
  4442 | D:5      | Entered Level 5 of the Dungeon
  4442 | D:5      | Noticed Sigmund
  4639 | D:5      | Reached skill level 7 in Unarmed Combat
  4723 | D:5      | Reached XP level 9. HP: 59/63 MP: 9/9
  5026 | D:5      | Slain by a gnoll

Illustrated notes

Levels and vault maps discovered:
D:1:      scummos_arrival_simple_crosswalls, layout_loops_cross
D:2:      layout_basic, serial_shops, shop_statue, minmay_misc_feat_iff,
          dk_vineyard_2, chequers_decorated_corner, minmay_heptomino_o4
D:3:      layout_loops_ring, overflow_temple_1_default, dk_yredelemnul_ordeal,
          gammafunk_temple_overflow_pools, portal_sewer_entry_b
D:4:      lemuel_castle_with_subvaults [lemuel_castle_interior_carwin_1],
          layout_loops_ring, serial_rivers, chequers_serial_rivers_room_b,
          chequers_serial_rivers_marsh, chequers_serial_rivers_large_a,
          chequers_serial_rivers_small_a, chequers_serial_rivers_small_3,
          chequers_serial_rivers_micro_e, uniq_pikel, uniq_crazy_yiuf_cottage
D:5:      layout_basic, mainiacjoe_overflow_alcove_4, uniq_sigmund

Skill      XL: |  1  2  3  4  5  6  7  8 |
---------------+-------------------------+-----
Fighting       | 2 3 4 5 6 |  6.6
Unarmed Combat | 4 5 7 |  7.2
Shapeshifting  | 4 5 6 |  6.2
Dodging        | |  2.0

Action                     |  1- 3 |  4- 6 |  7- 9 || total
---------------------------+-------+-------+-------++-------
  Melee: Unarmed           |    74 |   134 |   165 ||   373
         Constrict         |    22 |    32 |    40 ||    94
         Tentacles         |    11 |    27 |    38 ||    76
         Punch             |     1 |     9 |     7 ||    17
    Use: Scroll            |       |     4 |     2 ||     6
         Potion            |       |     1 |     3 ||     4
   Stab: Sleeping          |    11 |     7 |     5 ||    23
         Distracted        |       |       |     1 ||     1
 Armour: Skin              |     9 |    14 |    13 ||    36
  Dodge: Dodged            |    25 |    85 |    72 ||   182

Table legend: (Time is in decaauts)
 A = Elapsed time spent in this place.
 B = Non-inter-level travel time spent in this place.
 C = Inter-level travel time spent in this place.
 D = Time resting spent in this place.
 E = Time spent auto-exploring this place.
 F = Levels seen in this place.
 G = Mean time per level.
                   A        B        C        D        E       F      G
               +--------+--------+--------+--------+--------+-----+--------+
         Total |   4990 |   4873 |    117 |    670 |   2883 |   6 |  831.7 |
       Dungeon |   4424 |   4307 |    117 |    485 |   2791 |   5 |  884.8 |
         Sewer |    565 |    565 |      0 |    185 |     92 |   1 |  565.0 |
               +--------+--------+--------+--------+--------+-----+--------+

Top non-repeatable levels by time:
     D:4: 1636 daAuts
     D:2: 774 daAuts
     D:1: 757 daAuts
     D:3: 694 daAuts
   Sewer: 565 daAuts
     D:5: 561 daAuts
